woodfighter, chaotic female elven Priestess ------- |.....| |.....--# |....>.|# #-.......## #|.....--@ #|.....| q #------- ### q # ------+-- # |......... ########### # | ------------.-# |}.}}}}}...}.-# |}}}}}}}}}}}}| |}}}.}}}}}}<.| |...}.}..}}}}| -------------- woodfighter the Acolyte Experience level: 4 Strength: 13 Dexterity: 14 Constitution: 13 Intelligence: 17 Wisdom: 11 Charisma: 7 Health: 0(23) Energy: 36(36) Def: 3 Gold: 294 Moves: 1545 Dungeon seed: 92DV3FWdS5FMdJ42 Game ID: woodfighter_1534445953 Your Inventory: Coins $ - 294 gold pieces Weapons a - a blessed +1 mace (weapon in hand) Armor e - a +0 robe (being worn) n - a +0 small shield (being worn) Comestibles c - a clove of garlic d - 2 sprigs of wolfsbane s - a tripe ration Scrolls o - a cursed scroll of identify q - a scroll of scare monster u - a scroll of scare monster v - a scroll of light w - a blessed scroll of punishment x - a cursed scroll of remove curse Spellbooks g - a spellbook of light h - a spellbook of healing i - a spellbook of create monster Potions b - 4 potions of holy water z - a potion of hallucination A - a blessed potion of booze Wands f - a wand of cancellation (0:1) l - a wand of polymorph (0:4) m - a wand of enlightenment (0:12) Tools j - a wooden harp Spells and supernatural/magical abilities: Name Level Category Fail Memory h - healing 1 healing 0% 93% l - light 1 divination 0% 93% O - create monster 2 clerical 0% 93% W - pray for help -- divine ? -- X - turn undead -- divine ? -- Your skills at the end: Miscellaneous Skills shield [Basic] wands [Basic] Weapon Skills mace [Basic] Spellcasting Skills clerical spells [Basic] Final Attributes: You were devoutly aligned. You were sleep resistant. You had infravision. You were very stealthy. You are dead. Vanquished creatures: a kitten 2 rothes 2 jitterbugs a gas spore a hobgoblin 2 giant rats a yellow mold 3 jackals a kobold 2 newts a goblin 8 grid bugs 4 lichens a kobold zombie 30 creatures vanquished. Voluntary challenges: You did not adorn yourself with jewelry or accessories. You did not cause conflict. You were not invisible. You did not have reflection. You were not displaced. You were an atheist. You used a wielded weapon 32 times, starting on turn 1. You did not use tools. You did not use plumbed fixtures. You did not drink any magical draughts. You were illiterate. You never genocided any monsters. You never polymorphed an object. You never changed form. You used no wishes. You never split a pudding. You never wrote Elbereth's name. You violated your moral code, losing 5 points of alignment, starting on turn 1011. Dungeon overview: The Dungeons of Doom: levels 1 to 6 Level 1 a long staircase Level 2 Level 3 a fountain, some sinks Level 4 stairs to The Gnomish Mines Level 5 (water) <- You were here Level 6 The Gnomish Mines: Level 5 stairs to The Dungeons of Doom History has recorded: On T:1 you entered the Dungeons of Doom to retrieve the Amulet of Yendor! On T:252 you reached level 2 of The Dungeons of Doom. On T:527 you advanced to experience level 2. On T:532 you reached level 3 of The Dungeons of Doom. On T:866 you reached level 4 of The Dungeons of Doom. On T:868 you advanced to experience level 3. On T:1011 you advanced to experience level 4. On T:1387 you reached level 1 of The Gnomish Mines. On T:1415 you reached level 5 of The Dungeons of Doom. On T:1521 you reached level 6 of The Dungeons of Doom. Score breakdown: Gold: 294 ( 29 points) Experience: 4 levels ( 300 points) Exploration: 6 levels ( 150 points) Discoveries: 9 items ( 450 points) Variety of kills: 14 monsters ( 700 points) Major goal: (nothing yet) ( 0 points) Survival: died (score multiplied by 3) Total score: 4887 Latest messages: Where do you want to travel to? You kill the grid bug! The grid bug bites! You get zapped! You kill the grid bug! (2x) You stop exploring. The door opens. z - a bubbly potion. A - a blessed orange potion. You kill the goblin! You see here 11 arrows. You named this level: water. You stop exploring. (2x) The rothe claws you! The rothe bites! (2x) You hit the rothe. You kill the rothe! You hit the rothe. The rothe claws you! The rothe bites! (2x) You kill the rothe! You hit the rothe! The rothe claws you! The rothe bites! You die... Final status: Goodbye woodfighter the Priestess, killed by a rothe... You died in The Dungeons of Doom on dungeon level 5 with 4887 points, and 294 pieces of gold, after 1545 moves. You were level 4 with a maximum of 23 hit points when you died.